 Dungeon Crawl Stone Soup version 0.13.1-17-g0f9d4ff (webtiles) character file.

554872 Chiseanne the Evocator (level 25, -3/216 HPs)
             Began as a Centaur Artificer on Dec 18, 2013.
             Was the Champion of Nemelex Xobeh.
             Killed from afar by a battlesphere (14 damage)
             ... created by a tengu reaver
             ... on Level 4 of the Vaults.
             The game lasted 09:21:12 (77682 turns).

Chiseanne the Evocator (Centaur Artificer)         Turns: 77682, Time: 09:21:13

HP  -3/216       AC 37     Str 18      XL: 25   Next: 13%
MP  35/40        EV 15     Int  9 (10) God: Nemelex Xobeh [******]
Gold 1245        SH 43     Dex 24      Spells:  2 memorised, 22 levels left

Res.Fire  : + . .   See Invis. : +   a - +6 dwarf broad axe (flame)
Res.Cold  : + . .   Warding    : +   T - +3 chain mail {rF+}
Life Prot.: + . .   Conserve   : +   x - +2 dwarf large shield
Res.Poison: +       Res.Corr.  : +   D - +3 crown of Dyrovepreva {Hunger rElec Int+2 SInv}
Res.Elec. : +       Clarity    : .   p - +2 cloak {rCorr, Cons}
Sust.Abil.: . .     Spirit.Shd : .   R - +2 pair of fencer's gloves {EV+3 Dex+3 Acc+8}
Res.Mut.  : .       Stasis     : .   n - +3 centaur barding
Res.Rott. : .       Flight     : .   m - amulet of warding
Saprovore : . . .                    C - +4,+2 ring of slaying
                                     J - ring "Derijeuq" {rPois Str-5 Dex+4 Dam+6}

@: mildly poisoned, drained, very quick, quite resistant to hostile
enchantments, extremely unstealthy
A: hooves 3, camouflage 1, cold resistance 1, deformed body, herbivore 1, speed
2, fast metabolism 1, tough skin 3, AC +4, Dex +1
a: Draw One, Peek at Two, Triple Draw, Deal Four, Stack Five, Renounce Religion
}: 3/15 runes: decaying, serpentine, silver


You were on level 4 of the Vaults.
You worshipped Nemelex Xobeh.
Nemelex Xobeh was exalted by your worship.
You were not hungry.

You visited 8 branches of the dungeon, and saw 53 of its levels.
You visited the Abyss 1 time.
You visited 1 bazaar.
You also visited: Labyrinth and Bailey.

You collected 6290 gold pieces.
You spent 4194 gold pieces at shops.

Inventory:

Hand weapons
 a - a +6,+6 dwarven broad axe of flaming (weapon)
 l - the +10,+3 mace "Xuap" {venom, rElec rC+ Str+3 Stlth++}
   (You found it on level 5 of the Vaults)

   It poisons the flesh of those it strikes.
   It affects your strength (+3).
   It protects you from cold.
   It insulates you from electricity.
   It makes you much more stealthy.
 F - the cursed -1,+4 morningstar of Immorality {flame, +Blink rElec MR+}
   (You found it on level 5 of the Vaults)

   It emits flame when wielded, causing extra injury to most foes and up to
   double damage against particularly susceptible opponents.
   It insulates you from electricity.
   It affects your resistance to hostile enchantments.
   It lets you blink.
   It has a curse placed upon it.
Armour
 n - a +3 centaur barding (worn)
 p - a +2 cloak of preservation (worn)
 x - a +2 dwarven large shield (worn)
 D - the +3 crown of Dyrovepreva (worn) {Hunger rElec Int+2 SInv}
   (You found it on level 7 of the Dungeon)

   It affects your intelligence (+2).
   It insulates you from electricity.
   It enhances your eyesight.
   It speeds your metabolism.
 R - the +2 pair of fencer's gloves (worn) {EV+3 Dex+3 Acc+8}
   (You bought it in a shop on level 4 of the Orcish Mines)

   It affects your evasion (+3).
   It affects your dexterity (+3).
   It affects your accuracy (+8).
 T - a +3 chain mail of fire resistance (worn)
Comestibles
 f - 3 bread rations
Scrolls
 c - 8 scrolls of teleportation
 y - 5 scrolls of remove curse
 G - a scroll of identify
 N - 2 scrolls of magic mapping
 U - 3 scrolls of blinking
 X - a scroll of enchant weapon I
Jewellery
 g - an uncursed ring of sustenance
 i - the ring of Thuf {+/*Tele Str+1 Int+2}
   (You took it off a yaktaur on level 5 of the Vaults)

   [ring of teleportation]

   It affects your strength (+1).
   It affects your intelligence (+2).
 m - an amulet of warding (around neck)
 s - an uncursed ring of flight
 C - a +4,+2 ring of slaying (right hand)
 J - the ring "Derijeuq" (left hand) {rPois Str-5 Dex+4 Dam+6}
   (You bought it in a shop on level 5 of the Snake Pit)

   [ring of poison resistance]

   It affects your strength (-5).
   It affects your dexterity (+4).
   It affects your damage-dealing abilities (+6).
Potions
 h - a potion of magic
 o - a potion of restore abilities
 t - 3 potions of speed
 I - 4 potions of curing
 V - 4 potions of resistance
 Y - 3 potions of heal wounds
Miscellaneous
 d - an ornate deck of destruction {drawn: 5} {god gift}
 e - a disc of storms
 j - an ornate deck of destruction {drawn: 2} {god gift}
 k - a plain deck of destruction {drawn: 1} {god gift}
 r - an ornate deck of destruction {drawn: 1} {god gift}
 v - an ornate deck of summonings {drawn: 4} {god gift}
 z - an ornate deck of escape {the Portal, left: 4} {god gift}
 A - an ornate deck of escape {the Portal, left: 4} {god gift}
 B - a legendary deck of summonings {drawn: 1} {god gift}
 E - an ornate deck of destruction {god gift}
 H - an ornate deck of destruction {drawn: 1} {god gift}
 K - a legendary deck of summonings {drawn: 1} {god gift}
 L - a fan of gales
 M - a legendary deck of escape {the Warp, left: 3} {god gift}
 O - a legendary deck of summonings {drawn: 4} {god gift}
 P - a legendary deck of destruction {drawn: 10} {god gift}
 Q - a fan of gales
 S - a stone of tremors
 W - an ornate deck of summonings {drawn: 8} {god gift}
 Z - a legendary deck of summonings {drawn: 1} {god gift}
Rods
 q - a +7 lightning rod (16/16)
   (You took it off an orc sorcerer on level 18 of the Dungeon)
 w - a +7 rod of venom (17/17)
   (You took it off a deep elf mage on level 18 of the Dungeon)


   Skills:
 * Level 15.7(15.1) Fighting
   Level 0.8(0.4) Short Blades
 - Level 9.8(9.3) Axes
 - Level 5.0(4.6) Maces & Flails
   Level 9.4(8.9) Polearms
 * Level 12.1(11.6) Armour
 * Level 13.1(12.6) Dodging
 - Level 0.5(0.1) Stealth
 * Level 13.6(13.1) Shields
   Level 6.6(6.1) Ice Magic
   Level 6.8(6.3) Invocations
 * Level 21.1(20.5) Evocations


You had 22 spell levels left.
You knew the following spells:

 Your Spells              Type           Power        Failure   Level  Hunger
a - Apportation           Tloc           #.........   100%        1    ##.....
b - Summon Small Mammal   Summ           #...         100%        1    ##.....


Dungeon Overview and Level Annotations

Branches:
Dungeon (24/27)            Temple (1/1) D:6             Orc (4/4) D:7
    Elf (1/3) Orc:4          Lair (8/8) D:12          Swamp (5/5) Lair:5
  Snake (5/5) Lair:4        Slime (0/6) Lair:7       Vaults (5/5) D:15
  Blade (0/1) Vaults:3      Crypt (0/5) Vaults:2

Altars:
Ashenzari
Cheibriados
Elyvilon
Fedhas
Kikubaaqudgha
Makhleb
Nemelex Xobeh
Okawaru
Sif Muna
Trog
Vehumet
Xom
Yredelemnul
Zin
the Shining One
Beogh

Shops:
D:5 =   D:7 [(   D:14 /   Orc:4 (([   Snake:3 ?[   Snake:5 =   Vaults:1 [
Vaults:5 =

Portals:
Hell: D:20 D:21 D:22 D:23 D:24
Abyss: D:21 D:22 D:24
Pandemonium: D:21 D:22 D:24
Ziggurat: D:12 (3430 gp)
Trove: D:11 (give 2 scrolls of acquirement)

Annotations:
D:18 exclusion: silver statue
D:20 exclusion: silver statue
D:21 exclusion: silver statue
Orc:1 exclusions: ice statue and silver statue
Lair:8 exclusion: ice statue
Vaults:4 exclusion: ice statue


Innate Abilities, Weirdness & Mutations

You have hooves in place of feet.
Armour fits poorly on your strangely shaped body.
You digest meat inefficiently.
You cover ground very quickly.
You have a fast metabolism.
You have extremely tough skin (AC +3).
You are partially covered in rough black scales (AC +4, Dex -1).
Your skin changes colour to match your surroundings (Stlth).
You are agile. (Dex +2)
Your flesh is cold resistant.


Message History

You block the tengu reaver's attack.
The yaktaur captain shoots a bolt.
The bolt hits you!
The tengu reaver gestures wildly while chanting.
The tengu reaver conjures a globe of magical energy!
The yaktaur captain shoots a bolt.
The bolt hits you!
* * * LOW HITPOINT WARNING * * *
You climb upwards.
The battlesphere dissipates.
Level annotation: exclusion: ice statue
There is a stone staircase leading down here.
The tengu reaver looks more healthy.
There is an open door here.
The tengu reaver mumbles some strange words.
The tengu reaver conjures a globe of magical energy!
The tengu reaver casts a spell at you. The bolt of poison hits you!
You are poisoned.
* * * LOW HITPOINT WARNING * * *
The battlesphere fires!
The barrage of energy hits you!
You die...
Your body glows slightly and disappears.

≈≈≈.#.......#..#≈≈≈≈≈≈≈#..##≈≈≈≈≈
##.##.......#..#≈≈≈≈≈≈≈#..##≈≈≈≈≈
...##.......#..#≈≈≈≈≈≈≈#..##.≈≈≈≈
..###.......#..#≈≈≈≈≈≈≈#..##≈≈≈_≈
### #########..#≈≈≈≈≈≈≈'..##≈≈≈≈≈
.### ###..#########..##≈≈≈≈≈ ##.#
##.#.............##.≈≈≈. '#.#
##..#*............####### #..#
##...'H..@.........# #..#
##....#########'########### ##.#
##..>..# #...........#.... ###
#......# #...........'.... ##
#.....## #...........#.... .#
#....## #...........#..}. .#
#...## #...........#.._. .# #..##
#...........#.... .# #.##
#...........#....


You could see a tengu reaver.

Vanquished Creatures
  Saint Roka (D:23)
  Norris (Vaults:1)
  Mara (D:23)
  Frederick (Swamp:5)
  A bone dragon (Swamp:5)
  A tentacled monstrosity (Vaults:5)
  3 sphinxes
  4 tengu reavers
  Rupert (Swamp:4)
  Kirke (D:17)
  An orc warlord (Orc:4)
  4 frost giants
  A tentacled starspawn (Abyss:1)
  4 fire giants
  2 deep elf sorcerers (D:18)
  Aizul (Swamp:2)
  Louise (D:18)
  An iron dragon (Vaults:5)
  4 vault wardens
  Gastronok (Lair:1)
  Jorgrun (D:19)
  5 greater nagas
  24 stone giants
  A deep elf annihilator (Vaults:4)
  4 ettins
  A deep elf death mage (Vaults:1)
  A minotaur (Lab)
  25 vault guards
  The ghost of BoredOne the Swashbuckler, a powerful KoAs of Trog (D:13)
  20 yaktaur captains
  8 ironheart preservers
  Josephine (D:10)
  15 hydras
  4 anacondas
  4 great orbs of eyes
  20 ogre magi
  The ghost of BoredOne the Grappler, an experienced TrBe of Trog (Bailey)
  A ravenous feature mimic (Vaults:4)
  6 alligators
  25 centaur warriors
  2 deep troll earth magi
  A deep troll shaman (D:21)
  2 rakshasas
  3 orc high priests (Orc:4)
  2 wretched stars (Abyss:1)
  8 naga warriors
  Urug (D:14)
  A catoblepas (shapeshifter) (D:19)
  2 fire crabs
  A hell knight (D:23)
  3 soul eaters
  5 sun demons
  15 skeletal warriors
  3 deep elf knights
  A storm dragon skeleton (Vaults:5)
  4 very ugly things
  15 deep trolls
  3 iron trolls
  4 large abominations (Abyss:1)
  2 ice devils
  A wizard (D:18)
  2 giant orange brains
  2 unseen horrors
  5 flayed ghosts
  7 swamp dragons
  An unseen horror (shapeshifter) (Vaults:1)
  A lindwurm (Lair:8)
  An ice statue (D:21)
  10 hill giants
  23 orc knights
  A necromancer (D:20)
  6 giant amoebae
  A harpy (Vaults:4)
  4 ironbrand convokers
  A wolf spider zombie (D:19)
  A shadow dragon skeleton (D:24)
  4 deep elf conjurers
  A shining eye (shapeshifter) (Vaults:5)
  An oklob plant (D:23)
  7 wolf spiders
  A frost giant zombie (Vaults:2)
  2 phantasmal warriors
  7 orc sorcerers
  A spectral human (Vaults:1)
  A fire giant zombie (D:22)
  7 griffons
  12 stone giant zombies
  7 spiny worms
  4 elephants (Lair:8)
  13 cyclopes
  2 frost giant skeletons
  9 red wasps
  8 stone giant skeletons
  24 black mambas
  3 fire giant skeletons
  2 guardian serpents
  An elephant (shapeshifter) (Vaults:5)
  6 vault sentinels
  8 vapours
  11 spiny frogs
  3 orange demons (D:20)
  A deep elf summoner (Vaults:4)
  A redback zombie (Vaults:1)
  2 demonic crawlers (Abyss:1)
  A smoke demon (Abyss:1)
  31 yaktaurs
  An efreet (D:15)
  An iron troll zombie (D:19)
  12 naga magi
  A fire drake (Lair:3)
  A fire drake (shapeshifter) (D:15)
  Grinder (D:5)
  A red devil (D:20)
  3 baby alligators
  2 wandering mushrooms
  2 mermaids (shapeshifter)
  An ancient zyme (Abyss:1)
  3 komodo dragons (Lair:3)
  2 deep elf priests
  7 polar bears
  10 giant fireflies
  2 iron devils (D:20)
  2 iron troll skeletons
  4 blue devils
  9 trolls
  18 wolves
  5 giant leeches
  4 bog bodies
  A hydra skeleton (D:11)
  4 ettin zombies
  A queen bee (shapeshifter) (D:15)
  A raven (Swamp:2)
  5 shadows
  4 boulder beetles
  3 basilisks
  26 two-headed ogres
  2 frost giant simulacra
  8 grizzly bears (Lair:8)
  5 blink frogs
  37 slime creatures
  2 trapdoor spiders
  A ynoxinul (D:21)
  8 ettin skeletons
  A yak (shapeshifter) (D:22)
  An alligator skeleton (Swamp:3)
  A redback (shapeshifter) (D:20)
  4 water elementals (D:23)
  3 wraiths
  A shark (D:23)
  54 yaks
  3 hogs (D:16)
  15 deep elf magi
  An elephant slug (Lair:8)
  120 ugly things
  3 spiny worm zombies
  A hog (shapeshifter) (D:13)
  3 vampires
  2 hill giant zombies (D:16)
  70 nagas
  9 deep elf fighters
  A hungry ghost (D:13)
  An elf (shapeshifter) (D:16)
  10 hippogriffs
  4 wyverns
  41 vampire mosquitoes
  A hill giant skeleton (D:15)
  An agate snail zombie (D:14)
  4 manticores
  4 necrophages
  4 rock worms
  41 swamp worms
  A deep troll zombie (D:20)
  2 neqoxecs
  10 swamp drakes
  3 soldier ants
  7 freezing wraiths
  6 mottled dragons
  53 orc warriors
  An iron troll simulacrum (Vaults:1)
  2 deep troll skeletons
  6 porcupines
  11 giant goldfish
  6 ice beasts
  10 yellow wasps
  7 black bears
  44 centaurs
  3 sky beasts
  3 small abominations (Abyss:1)
  A dwarf (shapeshifter) (D:18)
  A rotting devil (Orc:4)
  63 ogres
  4 wargs
  3 boring beetles
  38 water moccasins
  Sigmund (D:7)
  12 giant slugs
  10 crocodiles
  A yaktaur zombie (D:17)
  3 big kobolds
  4 brain worms
  An earth elemental (D:20)
  A cyclops zombie (D:15)
  22 insubstantial wisps
  A manticore zombie (D:10)
  13 giant frogs
  A yaktaur skeleton (Vaults:1)
  8 agate snails
  A cyclops skeleton (D:10)
  2 eyes of draining
  A rock worm zombie (D:16)
  A manticore skeleton (D:10)
  4 killer bees
  A fire bat (Abyss:1)
  6 wights
  5 goliath beetles
  2 jellies (D:15)
  11 electric eels
  5 big fish
  4 hounds
  10 crimson imps
  A boring beetle zombie (D:18)
  4 iron imps
  2 two-headed ogre zombies
  42 orc wizards
  Crazy Yiuf (D:2)
  6 iguanas
  18 orc priests
  4 worker ants
  A giant frog zombie (D:10)
  A basilisk skeleton (D:10)
  2 scorpions
  16 sheep
  A killer bee zombie (D:11)
  A mottled dragon zombie (D:17)
  Jessica (D:2)
  A mottled dragon skeleton (D:16)
  2 mummies
  A two-headed ogre simulacrum (D:15)
  A big kobold skeleton (D:13)
  A hound skeleton (D:5)
  45 adders
  19 gnolls
  76 green rats
  A killer bee simulacrum (D:9)
  A lemure (Abyss:1)
  A hound simulacrum (D:10)
  3 giant centipedes
  3 giant mites
  2 shadow imps (D:18)
  4 white imps
  11 worms
  9 ufetubi
  An iguana zombie (D:10)
  A scorpion zombie (D:10)
  A giant centipede zombie (D:10)
  4 giant eyeballs
  6 giant geckos
  An ooze (D:5)
  186 orcs
  22 bats
  21 hobgoblins
  21 jackals
  17 quokkas
  3 ball pythons
  3 giant cockroaches
  4 giant newts
  A giant spore (D:8)
  38 goblins
  A hobgoblin zombie (D:5)
  38 kobolds
  An orc skeleton (D:6)
  2 orc zombies
  15 rats
  A rat skeleton (D:4)
  A spectral orc (D:11)
  4 ballistomycetes
  4 bushes (Lair:6)
  95 fungi
  130 plants
2453 creatures vanquished.

Vanquished Creatures (collateral kills)
  Boris (Swamp:5)
  The ghost of ThorGoll the Shatterer, a great MiFi of the Shining One (Vaults:5)
  A bone dragon (Snake:5)
  The ghost of mopl the Pyromancer, a mighty DEWz of Vehumet (Vaults:5)
  A tentacled monstrosity (Vaults:5)
  A titan (Vaults:5)
  3 shadow dragons (Vaults:5)
  Wiglaf (Swamp:2)
  3 vault wardens (Vaults:5)
  9 greater nagas (Snake:5)
  12 stone giants
  A grey draconian (Abyss:1)
  A deep elf demonologist (Vaults:5)
  An ettin (Vaults:5)
  Snorg (Swamp:4)
  A dragon (Lair:8)
  4 vault guards (Vaults:3)
  The ghost of Chiseanne the Prestidigitator, a powerful CeAr of Nemelex Xobeh (Lair:1)
  An ironheart preserver (Vaults:5)
  A great orb of eyes (shapeshifter) (Vaults:5)
  Fannar (Lair:4)
  9 yaktaur captains
  5 hydras
  2 alligators
  2 ogre magi
  A rakshasa (D:10)
  An orc high priest (Orc:2)
  20 naga warriors (Snake:5)
  4 centaur warriors
  Nergalle (D:11)
  2 very ugly things
  A large abomination (Abyss:1)
  3 skeletal warriors
  2 ice devils
  A hell beast (D:20)
  8 swamp dragons
  An unseen horror (D:11)
  9 harpies
  5 hill giants
  2 ironbrand convokers (Vaults:5)
  A lindwurm (Lair:8)
  Joseph (D:10)
  4 giant amoebae
  A deep elf conjurer (Vaults:5)
  A crystal golem (Vaults:5)
  2 orc knights
  3 red wasps
  A stone giant zombie (D:20)
  A griffon (Lair:6)
  An orc sorcerer (D:23)
  A red wasp (shapeshifter) (D:21)
  2 phantasmal warriors (Vaults:5)
  3 oklob plants (Lair:5)
  3 stone giant skeletons
  10 elephants
  3 spiny worms (Lair:8)
  A black mamba (Lair:5)
  2 guardian serpents (Snake:5)
  3 vault sentinels
  An orange demon (Orc:4)
  A smoke demon (Abyss:1)
  9 spiny frogs
  2 yaktaurs (Vaults:5)
  8 vapours
  A fire drake (Lair:5)
  An efreet (D:15)
  11 naga magi
  2 komodo dragons
  A red devil (D:20)
  Grum (D:10)
  A deep elf priest (Vaults:5)
  2 hydra zombies
  A harpy zombie (D:23)
  Sonja (D:12)
  2 iron devils
  A jumping spider (shapeshifter) (D:21)
  2 bog bodies
  A boulder beetle (Lair:8)
  13 giant fireflies
  3 giant leeches
  2 trolls
  A spriggan (shapeshifter) (Vaults:5)
  22 slime creatures
  9 two-headed ogres
  A hydra skeleton (D:15)
  12 blink frogs
  4 baby alligators
  2 basilisks (Lair:5)
  An ettin zombie (Vaults:2)
  3 grizzly bears (Lair:8)
  A deep elf mage (D:18)
  A tarantella (shapeshifter) (D:16)
  A hog (Orc:4)
  A dragon skeleton (D:15)
  5 ugly things
  4 hill giant zombies
  A wyvern (D:12)
  A hungry ghost (D:12)
  A deep elf fighter (Elf:1)
  16 yaks
  6 wolves
  3 hippogriffs
  26 vampire mosquitoes
  A porcupine (Lair:7)
  3 rock worms (Lair:8)
  A deep troll zombie (Vaults:2)
  A manticore (D:15)
  44 nagas
  8 swamp worms
  2 necrophages (D:10)
  14 orc warriors
  3 small abominations (Abyss:1)
  7 swamp drakes
  4 giant goldfish (Snake:5)
  4 yellow wasps
  A black bear (D:13)
  3 ice beasts
  12 ogres
  2 boring beetles (D:12)
  3 crocodiles
  2 wargs
  6 centaurs
  A big kobold (D:18)
  2 brain worms (Lair:8)
  A giant slug (Lair:6)
  3 water moccasins
  3 agate snails
  9 insubstantial wisps
  A cyclops skeleton (D:10)
  6 giant frogs
  8 killer bees
  An elf (shapeshifter) (D:15)
  2 wights (D:10)
  A hippogriff skeleton (D:10)
  An electric eel (Swamp:4)
  2 jellyfish (Snake:5)
  A quasit (D:18)
  A crimson imp (D:10)
  A goliath beetle (D:10)
  2 jellies
  A soldier ant zombie (D:10)
  2 iron imps (D:20)
  4 orc priests
  A warg zombie (D:23)
  2 hounds
  2 big fish (Snake:5)
  10 orc wizards
  A giant frog skeleton (D:10)
  A worker ant (D:10)
  An iguana (Lair:1)
  3 spectral orcs (D:11)
  A sheep (Orc:4)
  A brain worm zombie (D:15)
  A crocodile simulacrum (D:10)
  A mummy (D:10)
  A worker ant zombie (D:10)
  2 adders
  2 lemures (D:18)
  3 gnolls
  16 green rats
  2 giant centipedes
  A giant mite (D:3)
  A white imp (D:20)
  11 worms
  An ufetubus (Orc:2)
  30 orcs
  3 hobgoblins
  A jackal (Lair:4)
  2 quokkas
  2 bats
  2 goblins
  3 kobolds
  2 orc zombies (D:23)
  2 rats
  A bush (Lair:1)
  14 fungi
  21 plants
681 creatures vanquished.

Vanquished Creatures (others)
  A bone dragon (Vaults:5)
  A Shadow Fiend (Vaults:5)
  An Executioner (Vaults:5)
  21 dancing weapons
  A hydra (Swamp:5)
  An ogre mage (Vaults:2)
  A naga warrior (Snake:5)
  10 very ugly things
  A centaur warrior (Vaults:3)
  13 skeletal warriors
  An ice devil (Snake:5)
  A crystal golem (D:21)
  An orc knight (D:24)
  2 griffons
  11 red wasps
  An orc sorcerer (D:24)
  5 elephants
  2 sixfirhies
  A stone giant skeleton (Vaults:5)
  2 orange demons (Orc:4)
  13 spiny frogs
  2 smoke demons
  A small abomination (D:24)
  19 vapours
  A hellwing (Swamp:3)
  An efreet (Snake:5)
  31 giant fireflies
  An iron devil (D:20)
  5 polar bears
  2 komodo dragons (Vaults:5)
  A hydra skeleton (Swamp:5)
  3 blue devils
  6 grizzly bears
  11 basilisks
  A ynoxinul (D:20)
  24 ugly things
  A hill giant skeleton (D:10)
  2 chaos spawn
  14 hogs
  A neqoxec (D:16)
  30 vampire mosquitoes
  21 yaks
  8 hippogriffs
  11 soldier ants
  A swamp worm (Swamp:5)
  9 wolves
  A swamp drake (Swamp:5)
  2 nagas
  4 ogres
  6 black bears
  18 yellow wasps
  7 boring beetles
  An orc warrior (D:24)
  2 water moccasins (Snake:4)
  A rotting devil (Orc:2)
  A komodo dragon skeleton (Lair:8)
  7 agate snails
  A warg (D:24)
  A wyvern skeleton (D:14)
  22 insubstantial wisps
  A yak skeleton (D:14)
  A troll skeleton (D:12)
  An electric eel (Swamp:4)
  A crimson imp (D:15)
  13 hounds
  A quasit (D:14)
  A giant frog skeleton (D:12)
  A centaur skeleton (D:10)
  3 iron imps
  8 orange rats
  18 sheep
  An adder (Snake:4)
  A lemure (D:10)
  A white imp (D:21)
  2 ufetubi
  2 orcs (D:24)
  A hobgoblin (D:10)
  A giant cockroach (D:2)
  2 giant spores
  An orc skeleton (Orc:4)
  A ballistomycete (D:16)
  2 butterflies (D:14)
  8 fungi
  4 plants
  14 starspawn tentacles (Abyss:1)
  246 starspawn tentacle segments (Abyss:1)
708 creatures vanquished.

Grand Total: 3842 creatures vanquished

Notes
Turn   | Place    | Note
--------------------------------------------------------------
     0 | D:1      | Chiseanne, the Centaur Artificer, began the quest for the Orb.
     0 | D:1      | Reached XP level 1. HP: 17/17 MP: 1/1
   272 | D:1      | Reached XP level 2. HP: 9/24 MP: 2/2
   492 | D:1      | Reached skill level 3 in Evocations
   970 | D:2      | Reached XP level 3. HP: 29/29 MP: 4/4
  1091 | D:2      | Found a white marble altar of Elyvilon.
  1115 | D:2      | Reached XP level 4. HP: 36/36 MP: 5/5
  1318 | D:2      | Noticed Jessica
  1319 | D:2      | Killed Jessica
  1360 | D:2      | Noticed Crazy Yiuf
  1380 | D:2      | Paralysed by a potion of paralysis for 3 turns
  1416 | D:2      | Killed Crazy Yiuf
  1416 | D:2      | Reached skill level 1 in Armour
  1662 | D:2      | Reached XP level 5. HP: 42/42 MP: 7/7
  1749 | D:3      | Noticed a centaur
  1756 | D:3      | a centaur (ally) was killed
  1764 | D:3      | Reached skill level 1 in Polearms
  2390 | D:3      | Reached skill level 4 in Evocations
  2491 | D:4      | Found a sparkling altar of Nemelex Xobeh.
  2499 | D:4      | Became a worshipper of Nemelex Xobeh
  2503 | D:4      | Received a gift from Nemelex Xobeh
  2535 | D:4      | Reached XP level 6. HP: 49/49 MP: 9/9
  2916 | D:3      | Received a gift from Nemelex Xobeh
  2993 | D:3      | Acquired Nemelex Xobeh's first power
  3430 | D:1      | Acquired Nemelex Xobeh's second power
  4168 | D:4      | Received a gift from Nemelex Xobeh
  4177 | D:5      | Entered Level 5 of the Dungeon
  4181 | D:5      | Noticed Grinder
  4305 | D:5      | Reached XP level 7. HP: 54/56 MP: 7/10
  4488 | D:5      | Acquired Nemelex Xobeh's third power
  4489 | D:5      | Received a gift from Nemelex Xobeh
  4492 | D:5      | Paralysed by Grinder for 6 turns
  4502 | D:5      | Killed Grinder
  4615 | D:5      | Found Sunumnepu's Jewellery Boutique.
  4619 | D:5      | Bought an uncursed amulet of inaccuracy for 24 gold pieces
  5027 | D:5      | Reached skill level 5 in Evocations
  5091 | D:6      | Found a staircase to the Ecumenical Temple.
  5104 | Temple   | Entered the Ecumenical Temple
  5526 | D:6      | Reached XP level 8. HP: 55/63 MP: 13/13
  5831 | D:6      | Received a gift from Nemelex Xobeh
  6636 | D:7      | Noticed Sigmund
  6658 | D:7      | Killed Sigmund
  6663 | D:7      | Acquired Nemelex Xobeh's fourth power
  6720 | D:7      | Paralysed by you for 4 turns
  6778 | D:7      | Found Evuzat's Weapon Shop.
  6794 | D:7      | Reached skill level 5 in Polearms
  6794 | D:7      | Reached skill level 6 in Evocations
  6809 | D:7      | Found a staircase to the Orcish Mines.
  6834 | D:7      | Found Qaiboav's Armour Shop.
  6847 | D:7      | Bought a +0 cloak for 19 gold pieces
  7172 | D:7      | Reached XP level 9. HP: 70/70 MP: 16/16
  7929 | D:8      | Received a gift from Nemelex Xobeh
  7937 | D:8      | Found a radiant altar of Vehumet.
  8348 | D:8      | Found an ancient bone altar of Kikubaaqudgha.
  8438 | D:8      | Reached skill level 5 in Armour
  8563 | D:9      | Reached skill level 5 in Fighting
  8592 | D:9      | Reached skill level 7 in Evocations
  8825 | D:9      | Acquired Nemelex Xobeh's fifth power
  9051 | D:9      | Reached skill level 5 in Dodging
  9091 | D:9      | Reached XP level 10. HP: 56/80 MP: 18/18
  9201 | D:9      | Noticed a red wasp
  9201 | D:9      | a troll changed into a red wasp
  9231 | D:9      | Killed a red wasp
  9574 | D:10     | Entered Level 10 of the Dungeon
  9814 | D:10     | Reached skill level 1 in Axes
 10225 | D:10     | Noticed Grum
 10265 | D:10     | Noticed a hill giant
 10270 | D:10     | Received a gift from Nemelex Xobeh
 10281 | D:10     | Killed Grum
 10286 | D:10     | Killed a hill giant
 10360 | D:10     | Noticed a rakshasa
 10366 | D:10     | Received a gift from Nemelex Xobeh
 10372 | D:10     | Killed a rakshasa
 10577 | D:10     | Received a gift from Nemelex Xobeh
 10655 | D:10     | Noticed a hill giant
 10657 | D:10     | Reached skill level 8 in Evocations
 10659 | D:10     | Noticed Josephine
 10664 | D:10     | Killed a hill giant
 10677 | D:10     | Noticed a skeletal warrior
 10683 | D:10     | Killed Josephine
 10683 | D:10     | Reached skill level 1 in Shields
 11075 | D:10     | Reached XP level 11. HP: 88/88 MP: 19/21
 11181 | D:10     | Paralysed by a giant eyeball for 4 turns
 11222 | D:10     | Noticed Joseph
 11234 | D:10     | Received a gift from Nemelex Xobeh
 11246 | D:10     | Killed Joseph
 11344 | D:10     | Received a gift from Nemelex Xobeh
 11496 | D:10     | Received a gift from Nemelex Xobeh
 11499 | D:10     | You fall through a shaft!
 11787 | D:11     | Paralysed by a giant eyeball for 3 turns
 11793 | D:11     | Found a shimmering altar of Xom.
 11916 | D:11     | Received a gift from Nemelex Xobeh
 12025 | D:11     | Noticed Nergalle
 12033 | D:11     | Killed Nergalle
 12044 | D:11     | Noticed an unseen horror
 12047 | D:11     | Killed an unseen horror
 12251 | D:11     | Found a portal to a secret trove of treasure.
 12372 | D:12     | Reached skill level 5 in Axes
 12509 | D:12     | Noticed a hill giant
 12517 | D:12     | Killed a hill giant
 12777 | D:12     | Found a staircase to the Lair.
 12849 | D:12     | Noticed a hill giant
 12862 | D:12     | Received a gift from Nemelex Xobeh
 12868 | D:12     | Killed a hill giant
 13077 | D:12     | Noticed Sonja
 13098 | D:12     | Killed Sonja
 13127 | D:12     | Reached skill level 9 in Evocations
 13318 | D:12     | Received a gift from Nemelex Xobeh
 13358 | D:12     | Paralysed by a giant eyeball for 4 turns
 13383 | D:12     | Noticed a seven-headed hydra
 13394 | D:12     | Killed a seven-headed hydra
 13683 | D:12     | Received a gift from Nemelex Xobeh
 13864 | D:12     | Gained mutation: You can spit poison. [potion of beneficial mutation]
 14025 | D:13     | Noticed BoredOne's ghost (powerful KoAs)
 14030 | D:13     | Killed BoredOne's ghost
 14041 | D:13     | Received a gift from Nemelex Xobeh
 14389 | D:13     | Reached XP level 12. HP: 59/96 MP: 23/23
 14395 | D:13     | Received a gift from Nemelex Xobeh
 14949 | D:13     | Received a gift from Nemelex Xobeh
 15033 | D:13     | Reached skill level 10 in Evocations
 15254 | D:13     | Noticed a hill giant
 15276 | D:13     | Killed a hill giant
 15406 | D:13     | Received a gift from Nemelex Xobeh
 15690 | D:5      | Bought a +4,+2 ring of slaying for 540 gold pieces
 15895 | Lair:1   | Entered Level 1 of the Lair of Beasts
 15967 | Lair:1   | Learned a level 1 spell: Apportation
 15969 | Lair:1   | Learned a level 1 spell: Summon Small Mammal
 16084 | Lair:1   | Noticed Chiseanne's ghost (powerful CeAr)
 16111 | Lair:1   | Killed Chiseanne's ghost
 16362 | Lair:1   | Received a gift from Nemelex Xobeh
 16400 | Lair:1   | Noticed Gastronok
 16409 | Lair:1   | Killed Gastronok
 16492 | Lair:1   | Found a frozen archway.
 17322 | Lair:2   | Received a gift from Nemelex Xobeh
 17722 | Lair:2   | Noticed a seven-headed hydra
 17729 | Lair:2   | Killed a seven-headed hydra
 18329 | Lair:3   | Received a gift from Nemelex Xobeh
 18477 | Lair:3   | Noticed a four-headed hydra
 18486 | Lair:3   | Killed a hydra
 18768 | Lair:3   | Received a gift from Nemelex Xobeh
 19424 | Lair:3   | Reached XP level 13. HP: 104/104 MP: 21/25
 19742 | Lair:4   | Received a gift from Nemelex Xobeh
 19754 | Lair:4   | Found a staircase to the Snake Pit.
 19754 | Lair:4   | Noticed Fannar
 19760 | Lair:4   | Killed Fannar
 19767 | Lair:4   | Received a gift from Nemelex Xobeh
 20218 | Lair:4   | Received a gift from Nemelex Xobeh
 20290 | Lair:4   | Reached skill level 11 in Evocations
 20400 | Lair:4   | Received a gift from Nemelex Xobeh
 20416 | Lair:4   | Reached skill level 5 in Shields
 20416 | Lair:4   | Reached skill level 12 in Evocations
 20416 | Lair:4   | Reached XP level 14. HP: 112/114 MP: 20/27
 20771 | Lair:5   | Received a gift from Nemelex Xobeh
 20895 | Lair:5   | Reached skill level 1 in Invocations
 21019 | Lair:4   | Identified a +1 cloak of preservation (You found it on level 4 of the Lair of Beasts)
 21367 | Lair:5   | Received a gift from Nemelex Xobeh
 21485 | Lair:5   | Gained mutation: You have a very fast metabolism. [helix card]
 21486 | Lair:5   | Reached skill level 10 in Fighting
 21486 | Lair:5   | Reached skill level 13 in Evocations
 21486 | Lair:5   | Reached XP level 15. HP: 121/123 MP: 22/29
 21490 | Lair:5   | Reached skill level 14 in Evocations
 21490 | Lair:5   | Reached XP level 16. HP: 130/130 MP: 12/30
 21630 | Lair:5   | Received a gift from Nemelex Xobeh
 21654 | Lair:5   | Found a staircase to the Swamp.
 21940 | Lair:6   | Received a gift from Nemelex Xobeh
 22008 | Lair:6   | Received a gift from Nemelex Xobeh
 22780 | Lair:7   | Received a gift from Nemelex Xobeh
 22900 | Lair:7   | Found a staircase to the Slime Pits.
 23120 | Lair:8   | Entered Level 8 of the Lair of Beasts
 23584 | Lair:8   | Received a gift from Nemelex Xobeh
 23769 | Lair:8   | Received a gift from Nemelex Xobeh
 23888 | Lair:8   | Found a deep blue altar of Sif Muna.
 24045 | Lair:8   | Got a pair of transparent gloves
 24048 | Lair:8   | Identified the cursed -1 pair of gloves "Archas" {Acc+4 Stlth+} (You found it on level 8 of the Lair of Beasts)
 24176 | Lair:8   | Received a gift from Nemelex Xobeh
 24705 | Lair:8   | Received a gift from Nemelex Xobeh
 25172 | Lair:8   | Gained mutation: Your flesh is heat resistant. [helix card]
 25173 | Lair:8   | Reached skill level 15 in Evocations
 25173 | Lair:8   | Reached XP level 17. HP: 137/139 MP: 29/32
 25175 | Lair:8   | Lost mutation: Your flesh is heat resistant. [helix card]
 25175 | Lair:8   | Gained mutation: You are partially covered in rough black scales (AC +4, Dex -1). [helix card]
 25175 | Lair:8   | Received a gift from Nemelex Xobeh
 25663 | Lair:8   | Received a gift from Nemelex Xobeh
 25728 | Lair:8   | Received a gift from Nemelex Xobeh
 26129 | Lair:8   | Received a gift from Nemelex Xobeh
 26422 | Lair:8   | Received a gift from Nemelex Xobeh
 26848 | Orc:1    | Entered Level 1 of the Orcish Mines
 26896 | Orc:1    | Received a gift from Nemelex Xobeh
 27324 | Orc:1    | Found a glowing silver altar of Zin.
 27364 | Orc:1    | Received a gift from Nemelex Xobeh
 27597 | Orc:1    | Received a gift from Nemelex Xobeh
 27960 | Orc:4    | Entered Level 4 of the Orcish Mines
 27960 | Orc:4    | Found a staircase to the Elven Halls.
 28035 | Orc:4    | Found Rypoesuj's Distillery.
 28043 | Orc:4    | Bought a potion of resistance for 98 gold pieces
 28043 | Orc:4    | Bought a potion of berserk rage for 42 gold pieces
 28043 | Orc:4    | Bought a potion of heal wounds for 42 gold pieces
 28043 | Orc:4    | Bought a potion of agility for 35 gold pieces
 28043 | Orc:4    | Bought a potion of brilliance for 35 gold pieces
 28043 | Orc:4    | Bought a potion of restore abilities for 42 gold pieces
 28043 | Orc:4    | Bought a potion of poison for 14 gold pieces
 28043 | Orc:4    | Bought a potion of poison for 14 gold pieces
 28043 | Orc:4    | Bought a potion of brilliance for 35 gold pieces
 28108 | Orc:4    | Found a roughly hewn altar of Beogh.
 28123 | Orc:4    | Received a gift from Nemelex Xobeh
 28167 | Orc:4    | Found a roughly hewn altar of Beogh.
 28473 | Orc:4    | Found a roughly hewn altar of Beogh.
 28701 | Orc:4    | Received a gift from Nemelex Xobeh
 28750 | Orc:4    | Received a gift from Nemelex Xobeh
 28796 | Orc:4    | Received a gift from Nemelex Xobeh
 28868 | Orc:4    | Found a roughly hewn altar of Beogh.
 28888 | Orc:4    | Received a gift from Nemelex Xobeh
 28921 | Orc:4    | Found a roughly hewn altar of Beogh.
 28953 | Orc:4    | Found Emaitzoc's Food Boutique.
 29016 | Orc:4    | Received a gift from Nemelex Xobeh
 29327 | Orc:4    | Found a roughly hewn altar of Beogh.
 29359 | Orc:4    | Found Ewinwoit's Weapon Shoppe.
 29426 | Orc:4    | Found a roughly hewn altar of Beogh.
 29484 | Orc:4    | Received a gift from Nemelex Xobeh
 29853 | Orc:4    | Found a roughly hewn altar of Beogh.
 29853 | Orc:4    | Found Rotaod's Antique Armour Shop.
 29855 | Orc:4    | Found Gran's Antique Weapon Boutique.
 29892 | Orc:4    | Bought a pair of smoking gloves for 124 gold pieces
 29901 | Orc:4    | Identified the cursed +1 pair of gloves of Dyemoil {Dex+2} (You bought it in a shop on level 4 of the Orcish Mines)
 29902 | Orc:4    | Received a gift from Nemelex Xobeh
 30010 | Orc:4    | Found a roughly hewn altar of Beogh.
 30243 | Bazaar   | Entered a bazaar
 30263 | Bazaar   | Found Ghameirch's Food Boutique.
 30291 | Bazaar   | Found Plefush's Food Boutique.
 30319 | Bazaar   | Found Klois' Food Boutique.
 30380 | Bazaar   | Bought an apple for 6 gold pieces
 30380 | Bazaar   | Bought a meat ration for 32 gold pieces
 30380 | Bazaar   | Bought a banana for 9 gold pieces
 30380 | Bazaar   | Bought a meat ration for 32 gold pieces
 30380 | Bazaar   | Bought a bread ration for 32 gold pieces
 30380 | Bazaar   | Bought a meat ration for 32 gold pieces
 30380 | Bazaar   | Bought a choko for 3 gold pieces
 30380 | Bazaar   | Bought a pear for 6 gold pieces
 30380 | Bazaar   | Bought a bread ration for 32 gold pieces
 30419 | Bazaar   | Bought a honeycomb for 25 gold pieces
 30419 | Bazaar   | Bought a rambutan for 4 gold pieces
 30419 | Bazaar   | Bought a bread ration for 40 gold pieces
 30419 | Bazaar   | Bought a bread ration for 40 gold pieces
 30419 | Bazaar   | Bought an apple for 8 gold pieces
 30419 | Bazaar   | Bought a choko for 4 gold pieces
 30419 | Bazaar   | Bought an apple for 8 gold pieces
 30419 | Bazaar   | Bought a meat ration for 40 gold pieces
 30419 | Bazaar   | Bought a lychee for 4 gold pieces
 30419 | Bazaar   | Bought an apple for 8 gold pieces
 30419 | Bazaar   | Bought a meat ration for 40 gold pieces
 30460 | Bazaar   | Bought a pear for 8 gold pieces
 30460 | Bazaar   | Bought a meat ration for 40 gold pieces
 30460 | Bazaar   | Bought a choko for 4 gold pieces
 30460 | Bazaar   | Bought a pear for 8 gold pieces
 30460 | Bazaar   | Bought a bread ration for 40 gold pieces
 30460 | Bazaar   | Bought a meat ration for 40 gold pieces
 30460 | Bazaar   | Bought a meat ration for 40 gold pieces
 30460 | Bazaar   | Bought a lychee for 4 gold pieces
 30460 | Bazaar   | Bought a bread ration for 40 gold pieces
 30460 | Bazaar   | Bought a bread ration for 40 gold pieces
 30844 | Orc:4    | Received a gift from Nemelex Xobeh
 31307 | Orc:2    | Received a gift from Nemelex Xobeh
 31563 | Orc:2    | Received a gift from Nemelex Xobeh
 32220 | Orc:4    | Bought a meat ration for 48 gold pieces
 32220 | Orc:4    | Bought a pear for 9 gold pieces
 32220 | Orc:4    | Bought a choko for 4 gold pieces
 32220 | Orc:4    | Bought a meat ration for 48 gold pieces
 32220 | Orc:4    | Bought an apple for 9 gold pieces
 32220 | Orc:4    | Bought a choko for 4 gold pieces
 32220 | Orc:4    | Bought an apple for 9 gold pieces
 32220 | Orc:4    | Bought 14 grapes for 16 gold pieces
 32220 | Orc:4    | Bought a meat ration for 48 gold pieces
 32220 | Orc:4    | Bought a choko for 4 gold pieces
 32220 | Orc:4    | Bought a choko for 4 gold pieces
 32220 | Orc:4    | Bought a pear for 9 gold pieces
 32220 | Orc:4    | Bought a bread ration for 48 gold pieces
 32220 | Orc:4    | Bought a sausage for 18 gold pieces
 32220 | Orc:4    | Bought a bread ration for 48 gold pieces
 32220 | Orc:4    | Bought a rambutan for 4 gold pieces
 32472 | D:14     | Entered Level 14 of the Dungeon
 32652 | D:14     | Noticed Urug
 32656 | D:14     | Killed Urug
 32656 | D:14     | Received a gift from Nemelex Xobeh
 32782 | D:14     | Found Ruoveadd's Magical Wand Boutique.
 33161 | D:15     | Entered Level 15 of the Dungeon
 33247 | D:15     | Received a gift from Nemelex Xobeh
 33277 | D:15     | Found a basalt altar of Yredelemnul.
 33298 | D:15     | Found a staircase to the Vaults.
 33387 | D:15     | Received a gift from Nemelex Xobeh
 33868 | D:15     | Received a gift from Nemelex Xobeh
 34166 | D:15     | Paralysed by a red wasp for 2 turns
 34177 | D:15     | Received a gift from Nemelex Xobeh
 34764 | D:15     | Got a bloodstained chain mail
 34767 | D:15     | Identified the +1 chain mail "Muving" {Int+2 Stlth--} (You found it on level 15 of the Dungeon)
 34771 | D:15     | Received a gift from Nemelex Xobeh
 35443 | D:16     | Received a gift from Nemelex Xobeh
 35509 | D:16     | Lost mutation: You have a very fast metabolism. [helix card]
 35509 | D:16     | Received a gift from Nemelex Xobeh
 35628 | D:16     | Reached XP level 18. HP: 129/150 MP: 29/33
 35974 | D:16     | Reached skill level 1 in Ice Magic
 36341 | D:17     | Noticed Kirke
 36610 | D:16     | Received a gift from Nemelex Xobeh
 36783 | D:17     | Killed Kirke
 36783 | D:17     | Received a gift from Nemelex Xobeh
 37118 | D:17     | Received a gift from Nemelex Xobeh
 37370 | D:18     | Noticed Louise
 37378 | D:18     | Killed Louise
 37514 | D:18     | Reached skill level 16 in Evocations
 37514 | D:18     | Received a gift from Nemelex Xobeh
 37674 | D:18     | Received a gift from Nemelex Xobeh
 37982 | D:18     | Received a gift from Nemelex Xobeh
 38405 | D:18     | Got a crude mace
 38406 | D:18     | Identified the cursed +9,+10 mace of Somewhere Else {flame, Contam rC+} (You found it on level 18 of the Dungeon)
 38537 | D:18     | Reached skill level 10 in Armour
 38672 | D:18     | Reached skill level 1 in Maces & Flails
 38676 | D:18     | Received a gift from Nemelex Xobeh
 39089 | D:18     | Found a deep blue altar of Sif Muna.
 39101 | D:18     | Cast into the Abyss (deep elf sorcerer)
 39274 | Abyss:1  | Received a gift from Nemelex Xobeh
 39451 | Abyss:1  | Gained mutation: You are frail (-10% HP). [a neqoxec]
 39527 | Abyss:1  | Received a gift from Nemelex Xobeh
 40149 | Abyss:1  | Paralysed by you for 5 turns
 40283 | Abyss:1  | Received a gift from Nemelex Xobeh
 40291 | Abyss:1  | Reached skill level 10 in Dodging
 40351 | D:18     | Escaped the Abyss
 40358 | D:18     | Received a gift from Nemelex Xobeh
 40696 | D:18     | Received a gift from Nemelex Xobeh
 40792 | D:18     | Got an encrusted leather armour
 40793 | D:18     | Identified the cursed +1 leather armour "Schilaij" {Str-3 Dex-4} (You took it off a kobold on level 18 of the Dungeon)
 40849 | D:18     | Gained mutation: You are clumsy. (Dex -2) [mutagenic glow]
 40873 | D:18     | Got a warped hand axe
 40879 | D:18     | Identified the cursed -2,-2 hand axe "Khianina" {chop, Int+3} (You took it off a big kobold on level 18 of the Dungeon)
 40879 | D:18     | Identified a rod of venom (You took it off a deep elf mage on level 18 of the Dungeon)
 40994 | D:18     | Received a gift from Nemelex Xobeh
 41531 | D:14     | Received a gift from Nemelex Xobeh
 41574 | D:14     | Received a gift from Nemelex Xobeh
 41597 | D:14     | Lost mutation: You are frail (-10% HP). [helix card]
 41599 | D:14     | Reached XP level 19. HP: 139/159 MP: 16/34
 41600 | D:14     | Lost mutation: You can spit poison. [helix card]
 41604 | D:14     | Reached skill level 17 in Evocations
 41764 | D:14     | Lost mutation: You are clumsy. (Dex -2) [helix card]
 41764 | D:14     | Gained mutation: Your flesh is cold resistant. [helix card]
 41908 | Lab      | Entered a labyrinth
 42690 | Lab      | Got a faintly glowing golden amulet
 42694 | Lab      | Received a gift from Nemelex Xobeh
 42701 | Lab      | Received a gift from Nemelex Xobeh
 42826 | Lair:1   | Identified the amulet "Wocs" {Cons Dex-1 Int+3} (You found it in a labyrinth)
 42842 | Lair:1   | Received a gift from Nemelex Xobeh
 43142 | Elf:1    | Entered Level 1 of the Elven Halls
 43217 | Elf:1    | Got a faintly humming ring mail
 43288 | Orc:4    | Bought the +2 pair of fencer's gloves {EV+3 Dex+3 Acc+8} for 1130 gold pieces
 43525 | Lair:1   | Identified the +4 ring mail "Liask" {rElec Stlth-} (You found it on level 1 of the Elven Halls)
 43932 | D:19     | Received a gift from Nemelex Xobeh
 43933 | D:19     | Reached XP level 20. HP: 168/168 MP: 33/36
 44499 | D:19     | Received a gift from Nemelex Xobeh
 44559 | D:19     | Received a gift from Nemelex Xobeh
 44960 | D:18     | Received a gift from Nemelex Xobeh
 44964 | D:18     | Gained mutation: You have a very fast metabolism. [a neqoxec]
 45032 | D:18     | Gained mutation: You are weak. (Str -2) [a neqoxec]
 45334 | D:19     | Noticed Jorgrun
 45360 | D:19     | Killed Jorgrun
 45472 | D:19     | Received a gift from Nemelex Xobeh
 45559 | D:20     | Entered Level 20 of the Dungeon
 45758 | D:20     | Reached skill level 5 in Ice Magic
 45878 | D:20     | Received a gift from Nemelex Xobeh
 46287 | D:20     | Received a gift from Nemelex Xobeh
 46386 | D:20     | Received a gift from Nemelex Xobeh
 47002 | D:20     | Received a gift from Nemelex Xobeh
 47044 | D:20     | Received a gift from Nemelex Xobeh
 47697 | D:19     | Paralysed by a great orb of eyes for 7 turns
 47750 | D:19     | Received a gift from Nemelex Xobeh
 48085 | D:19     | Reached skill level 18 in Evocations
 48085 | D:19     | Reached XP level 21. HP: 167/176 MP: 37/37
 48316 | D:20     | Received a gift from Nemelex Xobeh
 48562 | D:20     | Reached skill level 5 in Maces & Flails
 48615 | D:20     | Received a gift from Nemelex Xobeh
 49108 | D:20     | Received a gift from Nemelex Xobeh
 49143 | D:20     | Received a gift from Nemelex Xobeh
 49168 | D:20     | Reached skill level 10 in Shields
 49446 | D:20     | Found a gateway to Hell.
 49930 | D:21     | Found a one-way gate to the infinite horrors of the Abyss.
 50122 | D:21     | Received a gift from Nemelex Xobeh
 50518 | Bailey   | Entered a bailey
 50535 | Bailey   | Received a gift from Nemelex Xobeh
 50613 | Bailey   | Received a gift from Nemelex Xobeh
 50661 | Bailey   | Noticed BoredOne's ghost (experienced TrBe)
 50674 | Bailey   | Killed BoredOne's ghost
 50720 | Bailey   | Gained mutation: You are robust (+10% HP). [potion of beneficial mutation]
 50721 | Bailey   | Gained mutation: Your skin changes colour to match your surroundings (Stlth). [potion of beneficial mutation]
 50750 | Bailey   | Received a gift from Nemelex Xobeh
 51107 | D:21     | Found a one-way gate leading to the halls of Pandemonium.
 51538 | D:21     | Received a gift from Nemelex Xobeh
 52261 | D:22     | Received a gift from Nemelex Xobeh
 52288 | D:22     | Paralysed by a card of wild magic for 6 turns
 52296 | D:22     | Received a gift from Nemelex Xobeh
 52637 | D:22     | Received a gift from Nemelex Xobeh
 53772 | D:23     | Received a gift from Nemelex Xobeh
 53821 | D:23     | Reached XP level 22. HP: 165/203 MP: 38/38
 53827 | D:23     | Noticed Saint Roka
 53827 | D:23     | Received a gift from Nemelex Xobeh
 53872 | D:23     | Killed Saint Roka
 53872 | D:23     | Reached skill level 19 in Evocations
 53897 | D:23     | Received a gift from Nemelex Xobeh
 54273 | D:23     | Noticed Mara
 54278 | D:23     | Killed Mara
 54712 | D:24     | Received a gift from Nemelex Xobeh
 55291 | D:24     | Received a gift from Nemelex Xobeh
 55380 | D:24     | Received a gift from Nemelex Xobeh
 55843 | D:24     | Lost mutation: You are weak. (Str -2) [helix card]
 56311 | Snake:1  | Entered Level 1 of the Snake Pit
 56327 | Snake:1  | Received a gift from Nemelex Xobeh
 57105 | Snake:2  | Received a gift from Nemelex Xobeh
 57689 | Snake:2  | Received a gift from Nemelex Xobeh
 57909 | Snake:3  | Found Ysismuff's Magic Scroll Shop.
 57921 | Snake:3  | Bought a scroll of summoning for 133 gold pieces
 57921 | Snake:3  | Bought a scroll of enchant armour for 77 gold pieces
 57921 | Snake:3  | Bought a scroll of enchant weapon I for 77 gold pieces
 57921 | Snake:3  | Bought a scroll of teleportation for 42 gold pieces
 58162 | Snake:3  | Found Gyc Owku's Armour Boutique.
 58199 | Snake:3  | Received a gift from Nemelex Xobeh
 59261 | Snake:4  | Received a gift from Nemelex Xobeh
 59391 | Snake:5  | Entered Level 5 of the Snake Pit
 59486 | Snake:5  | Received a gift from Nemelex Xobeh
 59623 | Snake:5  | Received a gift from Nemelex Xobeh
 59691 | Snake:5  | Received a gift from Nemelex Xobeh
 59832 | Snake:5  | Received a gift from Nemelex Xobeh
 59933 | Snake:5  | Found an iron altar of Okawaru.
 60324 | Snake:5  | Found Shreovveyth's Jewellery Shop.
 60539 | Snake:5  | Received a gift from Nemelex Xobeh
 60623 | Snake:5  | Received a gift from Nemelex Xobeh
 60731 | Snake:5  | Received a gift from Nemelex Xobeh
 61070 | Snake:5  | Received a gift from Nemelex Xobeh
 61221 | Snake:5  | Got a serpentine rune of Zot
 61588 | Swamp:1  | Entered Level 1 of the Swamp
 61590 | Swamp:1  | Received a gift from Nemelex Xobeh
 61723 | Swamp:1  | Received a gift from Nemelex Xobeh
 62551 | Swamp:2  | Noticed Aizul
 62556 | Swamp:2  | Killed Aizul
 62597 | Swamp:2  | Received a gift from Nemelex Xobeh
 62996 | Swamp:2  | Noticed Wiglaf
 63022 | Swamp:2  | Killed Wiglaf
 63613 | Swamp:3  | Received a gift from Nemelex Xobeh
 64555 | Swamp:4  | Received a gift from Nemelex Xobeh
 64763 | Swamp:4  | Noticed Rupert
 64770 | Swamp:4  | Killed Rupert
 64792 | Swamp:4  | Received a gift from Nemelex Xobeh
 65065 | Swamp:4  | Noticed Snorg
 65085 | Swamp:4  | Killed Snorg
 65264 | Swamp:5  | Entered Level 5 of the Swamp
 65264 | Swamp:5  | Noticed Frederick
 65266 | Swamp:5  | Killed Frederick
 65266 | Swamp:5  | Reached XP level 23. HP: 213/213 MP: 36/39
 65266 | Swamp:5  | Received a gift from Nemelex Xobeh
 65325 | Swamp:5  | Received a gift from Nemelex Xobeh
 65367 | Swamp:5  | XOM: enchant monster (bad)
 65367 | Swamp:5  | Received a gift from Nemelex Xobeh
 65405 | Swamp:5  | Received a gift from Nemelex Xobeh
 65523 | Swamp:5  | Received a gift from Nemelex Xobeh
 65585 | Swamp:5  | Got a decaying rune of Zot
 65628 | Swamp:5  | Reached skill level 20 in Evocations
 65734 | Swamp:5  | Noticed Boris
 65748 | Swamp:5  | Received a gift from Nemelex Xobeh
 65761 | Swamp:5  | Killed Boris
 66794 | Vaults:1 | Entered Level 1 of the Vaults
 66951 | Vaults:1 | Received a gift from Nemelex Xobeh
 67067 | Vaults:1 | Received a gift from Nemelex Xobeh
 67149 | Vaults:1 | Found Cloes' Antique Armour Shoppe.
 67273 | Vaults:1 | Reached skill level 5 in Invocations
 67669 | Vaults:1 | Paralysed by a sphinx for 4 turns
 68015 | Vaults:1 | Noticed Norris
 68024 | Vaults:1 | Received a gift from Nemelex Xobeh
 68035 | Vaults:1 | Killed Norris
 68176 | Vaults:2 | Received a gift from Nemelex Xobeh
 68249 | Vaults:2 | Received a gift from Nemelex Xobeh
 68353 | Vaults:2 | Received a gift from Nemelex Xobeh
 68457 | Vaults:2 | Received a gift from Nemelex Xobeh
 68807 | Vaults:2 | Received a gift from Nemelex Xobeh
 69147 | Vaults:2 | Received a gift from Nemelex Xobeh
 69638 | Vaults:2 | Found a staircase to the Crypt.
 69638 | Vaults:2 | Found an ancient bone altar of Kikubaaqudgha.
 69639 | Vaults:2 | Found a basalt altar of Yredelemnul.
 69707 | Vaults:2 | Got a transparent ring mail
 69738 | Vaults:2 | Identified the cursed -4 ring mail of Trial and Error {rElec Str+1} (You found it on level 2 of the Vaults)
 70392 | Vaults:3 | Found a staircase to the Hall of Blades.
 70405 | Vaults:3 | Received a gift from Nemelex Xobeh
 70868 | Vaults:3 | Received a gift from Nemelex Xobeh
 71095 | Vaults:3 | Paralysed by a sphinx for 4 turns
 71855 | Snake:5  | Bought the ring "Derijeuq" {rPois Str-5 Dex+4 Dam+6} for 672 gold pieces
 72238 | Vaults:4 | Received a gift from Nemelex Xobeh
 72294 | Vaults:4 | Received a gift from Nemelex Xobeh
 72376 | Vaults:4 | Reached skill level 15 in Fighting
 72856 | Vaults:4 | Received a gift from Nemelex Xobeh
 73011 | Vaults:4 | Received a gift from Nemelex Xobeh
 73059 | Vaults:4 | Received a gift from Nemelex Xobeh
 73063 | Vaults:4 | Reached XP level 24. HP: 226/226 MP: 25/40
 73245 | Vaults:4 | Received a gift from Nemelex Xobeh
 73373 | Vaults:4 | Received a gift from Nemelex Xobeh
 73749 | Vaults:4 | Received a gift from Nemelex Xobeh
 73784 | Vaults:4 | Received a gift from Nemelex Xobeh
 73954 | Vaults:5 | Entered Level 5 of the Vaults
 73954 | Vaults:5 | Noticed ThorGoll's ghost (great MiFi)
 74106 | Vaults:5 | Noticed mopl's ghost (mighty DEWz)
 74724 | Vaults:5 | Received a gift from Nemelex Xobeh
 74729 | Vaults:5 | Killed mopl's ghost
 74733 | Vaults:5 | Killed ThorGoll's ghost
 74942 | Vaults:5 | Received a gift from Nemelex Xobeh
 74967 | Vaults:5 | Lost mutation: You are robust (+10% HP). [a shining eye]
 75012 | Vaults:5 | Received a gift from Nemelex Xobeh
 75021 | Vaults:5 | Received a gift from Nemelex Xobeh
 75187 | Vaults:5 | Received a gift from Nemelex Xobeh
 75311 | Vaults:5 | Received a gift from Nemelex Xobeh
 75337 | Vaults:5 | Got a fine morningstar
 75338 | Vaults:5 | Identified the cursed -1,+4 morningstar of Immorality {flame, +Blink rElec MR+} (You found it on level 5 of the Vaults)
 75341 | Vaults:5 | Got a crystal mace
 75343 | Vaults:5 | Identified the +10,+3 mace "Xuap" {venom, rElec rC+ Str+3 Stlth++} (You found it on level 5 of the Vaults)
 75711 | Vaults:5 | Received a gift from Nemelex Xobeh
 75720 | Vaults:5 | Got a faintly glowing jade ring
 75724 | Vaults:5 | Identified the ring of Thuf {+/*Tele Str+1 Int+2} (You took it off a yaktaur on level 5 of the Vaults)
 75735 | Vaults:5 | Received a gift from Nemelex Xobeh
 75771 | Vaults:5 | Reached skill level 21 in Evocations
 75791 | Vaults:5 | Received a gift from Nemelex Xobeh
 76122 | Vaults:4 | Received a gift from Nemelex Xobeh
 76403 | Vaults:5 | Received a gift from Nemelex Xobeh
 76482 | Vaults:5 | Got a silver rune of Zot
 76637 | Vaults:5 | Received a gift from Nemelex Xobeh
 76693 | Vaults:5 | Found Rovoosysab's Jewellery Shop.
 76732 | Vaults:5 | Received a gift from Nemelex Xobeh
 77089 | Vaults:5 | Received a gift from Nemelex Xobeh
 77137 | Vaults:5 | Received a gift from Nemelex Xobeh
 77586 | Vaults:4 | Lost mutation: You have a very fast metabolism. [a card of wild magic]
 77587 | Vaults:4 | Reached XP level 25. HP: 206/216 MP: 38/40
 77588 | Vaults:4 | Gained mutation: You are agile. (Dex +2) [helix card]
 77588 | Vaults:4 | Received a gift from Nemelex Xobeh
 77682 | Vaults:4 | Killed from afar by a battlesphere

Action                   |  1- 3 |  4- 6 |  7- 9 | 10-12 | 13-15 | 16-18 | 19-21 | 22-24 | 25-27 || total
-------------------------+-------+-------+-------+-------+-------+-------+-------+-------+-------++-------
Melee: Dagger            |    87 |       |       |       |       |       |       |       |       ||    87
       Short sword       |     4 |       |       |       |       |       |       |       |       ||     4
       Halberd           |     8 |   139 |   287 |    97 |       |       |       |       |       ||   531
       Broad axe         |       |       |       |   645 |   206 |  1756 |  1070 |  2012 |    11 ||  5700
       Unarmed           |       |       |       |       |       |     3 |       |       |       ||     3
       Mace              |       |       |       |       |       |   117 |       |       |       ||   117
Throw: Dart              |       |       |     2 |       |       |       |       |       |       ||     2
Invok: Peek at Two       |       |     2 |     3 |    19 |     6 |    40 |    24 |    63 |     1 ||   158
       Draw One          |       |     1 |     8 |   123 |    36 |   316 |   185 |   407 |     8 ||  1084
       Stack Five        |       |       |       |     5 |     2 |     9 |     8 |    12 |     1 ||    37
 Abil: End Transformatio |       |       |       |       |       |     2 |       |       |       ||     2
       Evoke Flight      |       |       |       |       |       |       |     1 |     1 |       ||     2
Evoke: Wand              |     5 |    18 |    27 |    42 |     3 |    31 |    28 |    12 |       ||   166
       Deck              |       |     2 |       |       |       |       |       |       |       ||     2
       Rod               |       |       |       |       |       |       |     4 |     5 |       ||     9
       Miscellaneous     |       |       |       |       |       |       |       |     1 |       ||     1
  Use: Scroll            |     6 |    13 |    13 |    16 |     1 |    26 |    18 |    26 |       ||   119
       Potion            |       |     3 |     5 |     8 |       |    15 |    12 |    10 |       ||    53
 Stab: Paralysed         |       |       |     8 |       |       |       |       |     1 |       ||     9
       Distracted        |       |       |       |     3 |     1 |     6 |     3 |    15 |       ||    28
       Confused          |       |       |       |       |       |       |       |     1 |       ||     1
